 Dungeon Crawl Stone Soup version 0.31-a0-1540-g5a0b83f448 (webtiles) character file.

Game seed: 5666174309327750616

1439 MisterAzrael the Chopper (level 8, -1/66 HPs)
             Began as a Hill Orc Fighter on Jan 2, 2024.
             Was a Believer of Beogh.
             Slain by a wyvern (12 damage)
             ... on level 7 of the Dungeon.
             The game lasted 00:07:47 (6292 turns).

MisterAzrael the Chopper (Hill Orc Fighter)         Turns: 6292, Time: 00:07:48

Health: -1/66      AC:  9    Str: 26    XL:     8   Next: 74%
Magic:  9/9        EV: 10    Int: 11    God:    Beogh [**....]
Gold:   371        SH:  5    Dex: 10    Spells: 7/7 levels left

rFire   . . .        d - +6 spear of the Vestibule of Hell {flame, Str+2 Int+3}
rCold   . . .        c - +0 buckler
rNeg    . . .        m - +1 ring mail "Wokynku" {-Tele Str+3 Slay+2}
rPois   +            q - +0 helmet
rElec   .            (no cloak)
rCorr   .            (no gloves)
SInv    .            y - +0 pair of boots
Will    .....        (no amulet)
Stlth   x              - ring of poison resistance
HPRegen 0.31/turn    (no ring)
MPRegen 0.11/turn

%: no teleportation
@: mighty
A: no striking features
a: Renounce Religion, Smiting


You were on level 7 of the Dungeon.
You worshipped Beogh.
Beogh was pleased with you.
You visited 1 branch of the dungeon, and saw 7 of its levels.

You collected 371 gold pieces.

Inventory:

Hand Weapons
 a - a +0 war axe
 d - the +6 spear of the Vestibule of Hell (weapon) {flame, Str+2 Int+3}
   (You found it on level 3 of the Dungeon)

   Str+2:     It affects your strength (+2).
   Int+3:     It affects your intelligence (+3).
Missiles
 g - 20 poisoned darts
 o - 4 javelins
 p - a throwing net
Armour
 b - a +0 scale mail
 c - a +0 buckler (worn)
 m - the +1 ring mail "Wokynku" (worn) {-Tele Str+3 Slay+2}
   (You found it on level 2 of the Dungeon)

   Str+3:     It affects your strength (+3).
   Slay+2:    It affects your accuracy & damage with ranged weapons and melee
   (+2).
   -Tele:     It prevents most forms of teleportation.
 q - a +0 helmet (worn)
 y - a +0 pair of boots (worn)
Jewellery
 t - a ring of positive energy
 x - a ring of poison resistance (left hand)
Wands
 i - a wand of mindburst (15)
 D - a wand of polymorph (11)
Scrolls
 f - 3 scrolls of teleportation {unknown}
 h - 5 scrolls of enchant weapon {unknown}
 j - 2 scrolls of vulnerability {unknown}
 r - a scroll of brand weapon {unknown}
 v - a scroll of acquirement {unknown}
 z - 3 scrolls of blinking {unknown}
 A - 2 scrolls of identify {unknown}
 C - a scroll of immolation
 F - a scroll of fear {unknown}
 G - a scroll of fog {unknown}
Potions
 e - 3 potions of curing {unknown}
 k - a potion of brilliance {unknown}
 l - 3 potions of heal wounds {unknown}
 n - a potion of attraction {unknown}
 s - a potion of resistance {unknown}
 u - a potion of enlightenment {unknown}
 w - a potion of experience {unknown}
 E - a potion of ambrosia {unknown}


   Skills:
 + Level 4.1 Fighting
 - Level 7.9(9.5) Axes
 * Level 6.9(8.1) Polearms
 + Level 5.2 Armour
 + Level 5.2 Shields
 + Level 1.8 Invocations
 + Level 1.2 Evocations


You had 7 spell levels left.
You didn't know any spells.
Your spell library contained the following spells:

 Spells                   Type           Power      Damage    Failure   Level
 Summon Small Mammal      Summ           0%         N/A       52%         1
 Call Canine Familiar     Summ           0%         N/A       88%         3
 Summon Blazeheart Golem  Fire/Summ      0%         N/A       99%         4


Dungeon Overview and Level Annotations

Branches:
Dungeon (7/15)             Temple (0/1) D:7

Altars:
Fedhas
Kikubaaqudgha
Okawaru

Shops:
D:4 =

Annotations:
D:3 2 transporters, themarg's ghost, weakling AtFi
D:4 2 transporters


Message History

G - a scroll labelled OPUNGI RITRYL LAU A wyvern comes into view.
Found a stone staircase leading down.
The wyvern hisses angrily.
A kobold comes into view. It is wielding a +0 club.
The kobold shouts!
You hear a shout! x2
The kobold throws a stone.
The stone barely misses you.
A kobold brigand comes into view.
It is wielding a +0 dagger and quivering poisoned darts.
The kobold brigand shouts!
You hear a shout!
There are monsters nearby!
You hit the wyvern. You burn the wyvern.
The wyvern is lightly wounded.
The wyvern bites you!
You hit the wyvern. You burn the wyvern.
The wyvern is moderately wounded.
The wyvern bites you.
A kobold comes into view. It is wielding a +0 dagger.
You closely miss the wyvern.
The wyvern is moderately wounded.
The wyvern bites you! The wyvern bites you.
You are too injured to fight recklessly!
You are too injured to fight recklessly!
You feel very mighty all of a sudden.
A kobold comes into view. It is wielding a +0 short sword.
A jelly comes into view.
The wyvern bites you!
You barely miss the wyvern.
The wyvern is moderately wounded.
The kobold brigand throws a poisoned dart.
The poisoned dart closely misses you.
The wyvern bites you but does no damage.
You puncture the wyvern! You burn the wyvern.
The wyvern is severely wounded.
The wyvern bites you!
* * * LOW HITPOINT WARNING * * *
The kobold brigand throws a poisoned dart.
The poisoned dart hits you! The wyvern attacks as it pursues you!
The wyvern closely misses you. The wyvern bites you!
You die...

..... ...... .J.. .
.K.# # .##..#..
#.###.....K.#.##
......# #.K.K###
#.....# ###..k.#
......# #.##@#
....... ...##.####
......# #####.....#
###..##########.....#
## ..........<.....#
.# #####)#.###.....#
.#### ###...# #.....#
....# #..._.# #######
....###...^.#


You could see a wyvern, a kobold brigand, a jelly and 3 kobolds.

Vanquished Creatures
  A black bear (D:6)
  A sky beast (D:7)
  An ogre (D:5)
  A bullfrog (D:6)
  4 scorpions
  5 wights
  2 bombardier beetles
  A jelly (D:4)
  An orc priest (D:3)
  Natasha (thrice) (D:2)
  2 orc wizards
  3 iguanas
  Robin (D:4)
  3 gnolls (D:2)
  10 adders
  2 white imps
  2 ufetubi (D:5)
  5 dart slugs
  5 ribbon worms
  18 orcs
  3 bats
  5 endoplasms
  3 giant cockroaches
  12 goblins
  6 hobgoblins
  4 jackals (D:5)
  3 quokkas
  10 ball pythons
  3 frilled lizards (D:3)
  5 kobolds
  5 rats
130 creatures vanquished.

Notes
Turn   | Place    | Note
-------+----------+-------------------------------------------
     0 | D:1      | MisterAzrael the Hill Orc Fighter began the quest for the
                  | Orb.
     0 | D:1      | Reached XP level 1. HP: 19/19 MP: 1/1
    60 | D:1      | Reached skill level 3 in Axes
   246 | D:1      | Reached XP level 2. HP: 26/26 MP: 2/2
   539 | D:1      | Reached skill level 4 in Axes
   688 | D:1      | You fall into a shaft and drop 1 floor!
   731 | D:2      | Reached XP level 3. HP: 24/31 MP: 3/3
   810 | D:2      | Reached skill level 5 in Axes
   993 | D:2      | Reached XP level 4. HP: 39/39 MP: 4/4
  1002 | D:2      | Reached skill level 6 in Axes
  1185 | D:2      | Identified the +1 ring mail "Wokynku" {-Tele Str+3 Slay+2}
  1251 | D:2      | Found a faded altar of an unknown god.
  1358 | D:2      | Noticed Natasha
  1368 | D:2      | Killed Natasha
  1369 | D:2      | Reached XP level 5. HP: 32/45 MP: 5/5
  1440 | D:2      | Noticed Natasha
  1446 | D:2      | Killed Natasha
  1447 | D:2      | Reached skill level 7 in Axes
  1496 | D:2      | Noticed Natasha
  1505 | D:2      | Killed Natasha
  1982 | D:3      | Became a worshipper of Beogh the Brigand
  2223 | D:3      | Identified the +6 spear of the Vestibule of Hell {flame,
                  | Str+2 Int+3}
  2254 | D:3      | Reached skill level 1 in Polearms
  2254 | D:3      | Reached XP level 6. HP: 44/51 MP: 6/6
  2601 | D:3      | Identified the +5 giant club "Yvalirph" {elec, +Blink}
  2601 | D:3      | Noticed themarg's ghost (weakling AtFi)
  2602 | D:3      | Found a transporter.
  2603 | D:3      | Found a transporter.
  3528 | D:4      | Found Soraer's Jewellery Shop.
  3564 | D:4      | Noticed Robin
  3570 | D:4      | Reached * piety under Beogh
  3574 | D:4      | Killed Robin
  3665 | D:4      | Found a transporter.
  3977 | D:4      | Found a transporter.
  4237 | D:5      | Entered Level 5 of the Dungeon
  4268 | D:5      | Reached XP level 7. HP: 42/57 MP: 7/7
  4669 | D:5      | Reached skill level 5 in Polearms
  5220 | D:6      | Found a blossoming altar of Fedhas.
  5223 | D:6      | Found an ancient bone altar of Kikubaaqudgha.
  5328 | D:6      | Reached XP level 8. HP: 64/64 MP: 8/8
  5937 | D:6      | Reached skill level 5 in Shields
  5948 | D:7      | Reached skill level 5 in Armour
  5948 | D:7      | Reached skill level 1 in Invocations
  6041 | D:7      | Reached ** piety under Beogh
  6043 | D:7      | Found a staircase to the Ecumenical Temple.
  6051 | D:7      | Reached skill level 1 in Evocations
  6204 | D:7      | Found an iron altar of Okawaru.
  6282 | D:7      | Noticed a wyvern
  6292 | D:7      | Slain by a wyvern

Illustrated notes

Levels and vault maps discovered:
D:1:      scummos_arrival_simple_fountains, layout_loops_corners
D:2:      layout_rooms, dilly_ecumenical_altar_fadedgnrine, uniq_natasha
D:3:      layout_basic, gammafunk_ghost_smash, minmay_fractal_squares_diagonal_5
D:4:      gammafunk_steamed_eel, layout_basic, serial_shops,
          nicolae_shop_tiny_real_fake_doors, uniq_robin
D:5:      layout_cave_pools
D:6:      layout_basic, grunt_temple_overflow_growth_and_decay
D:7:      layout_rooms, mainiacjoe_overflow_tiny_flanked,
          minmay_temple_entry_overgrown

Skill      XL: |  1  2  3  4  5  6  7  8 |
---------------+-------------------------+-----
Axes           | 3 4 5 6 7 |  7.9
Polearms       | 1 4 5 6 |  6.9
Shields        | 4 5 |  5.2
Armour         | 4 5 |  5.2
Invocations    | 1 |  1.8
Fighting       | 4 |  4.1
Evocations     | 1 |  1.2

Action                     |  1- 3 |  4- 6 |  7- 9 || total
---------------------------+-------+-------+-------++-------
  Melee: War axe           |    62 |    59 |       ||   121
         Spear             |       |   120 |   103 ||   223
 Invoke: Convert to Beogh  |       |     1 |       ||     1
    Use: Potion            |       |     1 |     2 ||     3
         Scroll            |       |     2 |       ||     2
 Armour: Scale mail        |    40 |    24 |       ||    64
         Ring mail         |       |    68 |    57 ||   125
  Dodge: Dodged            |    29 |    57 |    38 ||   124
  Block: Buckler           |    12 |    31 |    14 ||    57

Table legend: (Time is in decaauts)
 A = Elapsed time spent in this place.
 B = Non-inter-level travel time spent in this place.
 C = Inter-level travel time spent in this place.
 D = Time resting spent in this place.
 E = Time spent auto-exploring this place.
 F = Levels seen in this place.
 G = Mean time per level.
                   A        B        C        D        E       F      G
               +--------+--------+--------+--------+--------+-----+--------+
         Total |   6284 |   5978 |    306 |    813 |   4320 |   7 |  897.7 |
       Dungeon |   6284 |   5978 |    306 |    813 |   4320 |   7 |  897.7 |
               +--------+--------+--------+--------+--------+-----+--------+

Top non-repeatable levels by time:
     D:3: 1145 daAuts
     D:4: 1142 daAuts
     D:2: 1069 daAuts
     D:6: 911 daAuts
     D:1: 897 daAuts
     D:5: 754 daAuts
     D:7: 365 daAuts
